 Dungeon Crawl Stone Soup version 0.26-a0-854-gdc81c2f471 (webtiles) character file.

Game seed: 12153860450989163043

543 iamoutofideas the Tainter (level 7, -4/41 HPs)
             Began as an Octopode Venom Mage on Nov 23, 2020.
             Was an Initiate of Gozag.
             Slain by a phantom (8 damage)
             ... on level 4 of the Dungeon.
             The game lasted 00:07:44 (5752 turns).

iamoutofideas the Tainter (Octopode Venom Mage)     Turns: 5752, Time: 00:07:44

Health: -4/41      AC:  1    Str:  5 (8)  XL:     7   Next: 27%
Magic:  8/13       EV: 14    Int: 16 (19) God:    Gozag
Gold:   22         SH:  0    Dex: 14 (18) Spells: 1/14 levels left

rFire    . . .     SeeInvis .   j - +0 dagger (venom)
rCold    . . .     Faith    .   (no shield)
rNeg     . . .     Spirit   .   (helmet restricted)
rPois    .         Reflect  .   (no amulet)
rElec    .         Harm     .   e - +6 ring of dexterity
rCorr    .         Rampage  .   (no ring)
MR       .....                  (no ring)
Stlth    +++.......             (no ring)
HPRegen  0.13/turn              (no ring)
MPRegen  0.13/turn              (no ring)
                                (no ring)
                                (no ring)

@: studying Poison Magic
A: almost no armour, stealthy swim, amphibious, 8 rings, constrict 8, camouflage
1, gelatinous body 1
a: Potion Petition, Call Merchant, Bribe Branch, Renounce Religion


You were on level 4 of the Dungeon.
You worshipped Gozag.
Gozag was noncommittal.
You visited 1 branch of the dungeon, and saw 5 of its levels.

You collected 334 gold pieces.
You spent 280 gold pieces at shops.
You paid 32 gold pieces to Gozag.

Inventory:

Hand Weapons
 j - a +0 dagger of venom (weapon)
 p - a +2 antimagic dagger
Missiles
 s - 6 datura-tipped darts (quivered)
Jewellery
 e - a +6 ring of dexterity (left tentacle)
 h - a +4 ring of evasion {unknown}
Scrolls
 b - 2 scrolls of enchant weapon
 c - a scroll of amnesia
 d - 3 scrolls of remove curse
 m - 2 scrolls of magic mapping {unknown}
 n - a scroll of blinking {unknown}
 q - 3 scrolls of identify
Potions
 f - a potion of invisibility
 g - a potion of attraction
 i - 2 potions of mutation
 k - a potion of resistance {unknown}
 l - a potion of curing {unknown}
 o - a potion of berserk rage {unknown}
 r - a potion of lignification {unknown}
Books
 t - a manual of Poison Magic


   Skills:
 - Level 0.6 Short Blades
 - Level 2.4 Dodging
 - Level 3.8 Stealth
 - Level 4.1 Spellcasting
 - Level 1.3 Transmutations
 + Level 9.3 Poison Magic


You had one spell level left.
You knew the following spells:

 Your Spells              Type           Power        Failure   Level
a - Sting                 Tmut/Pois      ###.         1%          1
b - Poisonous Vapours     Pois/Air       ###...       3%          2
c - Mephitic Cloud        Conj/Pois/Air  ##......     14%         3
d - Olgreb's Toxic Radia  Pois           ####....     3%          4
e - Ignite Poison         Fire/Tmut/Pois ##......     12%         3

Your spell library contained the following spells:

 Spells                   Type           Power        Failure   Level
 Magic Dart               Conj           #...         17%         1
 Blink                    Tloc           N/A          26%         2
 Call Imp                 Summ           #.......     26%         2
 Slow                     Hex            #.......     26%         2
 Conjure Flame            Conj/Fire      #.......     45%         3


Dungeon Overview and Level Annotations

Branches:
Dungeon (5/15)
 Temple: D:4-7

Altars:
Cheibriados
Gozag
Qazlal

Shops:
D:4 :


Innate Abilities, Weirdness & Mutations

You cannot wear most types of armour.
You are very stealthy in the water. (Stealth+)
You are amphibious.
You can wear up to eight rings at the same time.
You can use your tentacles to constrict eight enemies at once.
Your skin changes colour to match your surroundings (Stealth+).
Your rubbery body absorbs attacks. (AC +1, EV +1)


Message History

The phantom hits you.
You barely miss the phantom. Your squeeze misses the phantom.
The phantom is almost destroyed.
The phantom hits you!
You are too injured to fight recklessly!
You hit the phantom but do no damage.
The phantom is almost destroyed.
The phantom hits you!
* * * LOW HITPOINT WARNING * * *
You hit the phantom but do no damage. Your squeeze misses the phantom.
The phantom is almost destroyed.
The phantom misses you.
Okay, then.
Okay, then.
It was a potion of degeneration.
There was something very wrong with that liquid.
You feel weakened.
You feel dopey.
You feel clumsy. The phantom hits you!
You die...
Your body crumbles into a pile of gold.

......#..........
......#................
.....##...................
.....##...................
.....##......##...........
.....##......##..... .....
......#......##...# ....#
.....##......##.W.##....##
$
#######......#..@...!....?
......(......'............
.............#$...........
.............##..>##....##
.....##......##$$.# ....#
.....##......##.$.# ##+#
#######......#...$#
.....#.......#.....
.....#.......#....$.


You could see a phantom.

Vanquished Creatures
  An ogre (D:4)
  A bullfrog skeleton (D:3)
  An orc priest (D:4)
  A centaur skeleton (D:4)
  3 hounds
  An iguana (D:4)
  3 orc wizards
  4 gnolls (D:2)
  A howler monkey skeleton (D:4)
  3 adders
  An ooze (D:1)
  2 dart slugs (D:2)
  2 worms (D:2)
  3 leopard geckos
  11 orcs
  4 giant cockroaches
  8 goblins
  3 hobgoblins
  3 jackals (D:4)
  2 kobolds
  A quokka (D:2)
  A ball python (D:2)
  11 bats
  2 frilled lizards (D:2)
  9 rats
82 creatures vanquished.

Notes
Turn   | Place    | Note
-------+----------+-------------------------------------------
     0 | D:1      | iamoutofideas the Octopode Venom Mage began the quest for
                  | the Orb.
     0 | D:1      | Reached XP level 1. HP: 11/11 MP: 3/3
   115 | D:1      | Reached skill level 4 in Poison Magic
   119 | D:1      | Reached XP level 2. HP: 8/17 MP: 0/5
   818 | D:1      | Reached XP level 3. HP: 21/21 MP: 4/6
  1590 | D:2      | Learned a level 2 spell: Poisonous Vapours
  1594 | D:2      | Learned a level 3 spell: Mephitic Cloud
  2134 | D:2      | Reached XP level 4. HP: 27/27 MP: 0/7
  2222 | D:2      | Reached skill level 5 in Poison Magic
  2671 | D:2      | Found a stormy altar of Qazlal.
  3074 | D:3      | Reached XP level 5. HP: 16/31 MP: 6/10
  3400 | D:3      | Found an opulent altar of Gozag.
  3448 | D:3      | Became a worshipper of Gozag Ym Sagoz the Greedy
  4071 | D:3      | Found a snail-covered altar of Cheibriados.
  4248 | D:3      | Reached XP level 6. HP: 18/36 MP: 2/11
  4554 | D:4      | Learned a level 4 spell: Olgreb's Toxic Radiance
  4583 | D:4      | Reached skill level 6 in Poison Magic
  4622 | D:4      | Reached skill level 7 in Poison Magic
  4707 | D:5      | Entered Level 5 of the Dungeon
  4823 | D:5      | Learned a level 3 spell: Ignite Poison
  5055 | D:4      | Reached skill level 8 in Poison Magic
  5055 | D:4      | Reached XP level 7. HP: 35/41 MP: 2/13
  5620 | D:4      | Reached skill level 9 in Poison Magic
  5657 | D:4      | Found Kysiegoq's Book Shop.
  5683 | D:4      | Bought a book of Minor Magic for 280 gold pieces
  5752 | D:4      | Slain by a phantom

Illustrated notes

Levels and vault maps discovered:
D:1:      ebering_trefoil_twist, layout_basic
D:2:      layout_loops_ring, nicolae_qazlal_eye_of_the_storm
D:3:      layout_loops_ring, lemuel_coloured_pillars_altar,
          grunt_gozag_breadcrumbs
D:4:      layout_gridville, serial_shops, kennysheep_mini,
          minmay_manual_mandibuliform
D:5:      layout_cave_pods, kennysheep_mini_moat, tso_altar,
          fiery_altar_vehumet, kennysheep_little_box

Skill      XL: |  1  2  3  4  5  6  7 |
---------------+----------------------+-----
Poison Magic   | 4 5 8 9 |  9.3
Stealth        | 3 |  3.8
Spellcasting   | 3 4 |  4.1
Short Blades   | |  0.6
Dodging        | |  2.4
Transmutations | |  1.3

Action                   |  1- 3 |  4- 6 |  7- 9 || total
-------------------------+-------+-------+-------++-------
Melee: Unarmed           |    33 |    15 |       ||    48
       Constrict         |    12 |    12 |     3 ||    27
       Tentacles         |     4 |     4 |     8 ||    16
       Dagger            |       |    33 |    36 ||    69
 Cast: Sting             |    40 |    29 |     2 ||    71
       Poisonous Vapours |     7 |    21 |       ||    28
       Mephitic Cloud    |       |     3 |     2 ||     5
       Olgreb's Toxic Ra |       |     1 |     2 ||     3
       Ignite Poison     |       |       |     2 ||     2
  Use: Scroll            |     2 |     6 |       ||     8
       Potion            |       |     1 |     1 ||     2
 Stab: Sleeping          |       |     4 |       ||     4
Armor: Skin              |    10 |     5 |     1 ||    16
Dodge: Dodged            |    49 |    68 |    26 ||   143

Table legend: (Time is in decaauts)
 A = Elapsed time spent in this place.
 B = Non-inter-level travel time spent in this place.
 C = Inter-level travel time spent in this place.
 D = Time resting spent in this place.
 E = Time spent auto-exploring this place.
 F = Levels seen in this place.
 G = Mean time per level.
                   A        B        C        D        E       F      G
               +--------+--------+--------+--------+--------+-----+--------+
         Total |   5750 |   5708 |     42 |   2547 |   2386 |   5 | 1150.0 |
       Dungeon |   5750 |   5708 |     42 |   2547 |   2386 |   5 | 1150.0 |
               +--------+--------+--------+--------+--------+-----+--------+

Top non-repeatable levels by time:
     D:2: 1795 daAuts
     D:3: 1366 daAuts
     D:1: 1265 daAuts
     D:4: 1170 daAuts
     D:5: 153 daAuts
